AoeStats
← riccardo.zuanni

Arabia

508495712Analyzed
1v1 RM · 9d ago on Sep 22, 2026· 43m 29s· 2 players
Game mode
Random Map
Map size
Tiny (2 player)
Population
200
Speed
Normal
Resources
Standard
Victory
Conquest
Starting age
Dark Age
Ending age
Imperial Age
RankedLock teamsTeams togetherTeam positionsShared explorationLock speedFull tech treeHidden civsTurbo modeCheats
Victory
Defeat
🇦🇺 Malay · Australia
893
+14
🇮🇹 Romans · Italy
850
-14
riccardo.zuanni
3:21 Loom
10:50 Feudal Age
13:24 Gold Mining
13:25 Double-Bit Axe
21:03 Castle Age
18:43 Man-at-Arms
19:31 Stone Mining
20:47 Horse Collar
21:56 Crossbowman
25:09 Elite Skirmisher
37:11 Imperial Age
34:29 Loom
34:17 Long Swordsman
38:59 Heavy Plow
The Wonder
0:30 Loom
11:34 Feudal Age
20:54 Castle Age
19:02 Double-Bit Axe
19:13 Horse Collar
20:52 Wheelbarrow
20:10 Crossbowman
21:29 Fletching
21:40 Padded Archer Armor
21:36 Pikeman
22:41 Squires
24:55 Bodkin Arrow
30:49 Gold Mining
36:46 Imperial Age
34:33 Arson
36:35 Conscription
36:19 Elite Karambit Warrior
37:16 Forging
38:51 Iron Casting
39:58 Hand Cart
44:49 Blast Furnace
Connection lost

Rejoining the realm…

Still unreachable

The connection could not be restored.

Session expired

The server has moved on; the page needs a fresh start.